 Dungeon Crawl Stone Soup version 0.31-a0-179-g1846a1fd2d (webtiles) character file.

Game seed: 9072293376630559712

6008 qw the Skirmisher (level 10, -1/105 HPs)
             Began as a Naga Hunter on June 18, 2023.
             Was a Priest of Okawaru.
             Slain by a yak (8 damage)
             ... on level 9 of the Dungeon.
             The game lasted 00:03:09 (7749 turns).

qw the Skirmisher (Naga Hunter)                     Turns: 7749, Time: 00:03:10

Health: -1/105     AC: 14    Str: 13    XL:     10   Next: 85%
Magic:  12/13      EV: 15    Int:  9    God:    Okawaru [***...]
Gold:   56         SH:  5    Dex: 20    Spells: 9/9 levels left

rFire   + . .        Y - +0 orcbow
rCold   . . .        (shield currently unavailable)
rNeg    . . .        t - +2 robe
rPois   +            j - +0 helmet
rElec   .            p - +0 cloak
rCorr   .            s - +2 pair of gloves
SInv    +            (no barding)
Will    +....        c - amulet of reflection
Stlth   ++++         n - +4 ring of slaying {mikee}
HPRegen 0.37/turn    g - ring of protection from fire
MPRegen 0.13/turn

%: reflection
@: short of breath, heroic, very slow
A: AC +3, large, see invisible, deformed body, poison resistance, slowness 2,
spit poison 1, naga tail 1, iridescent scales 1, robust 1, MP-powered wands
a: Spit Poison, Renounce Religion, Heroism


You were on level 9 of the Dungeon.
You worshipped Okawaru.
Okawaru was most pleased with you.
You visited 2 branches of the dungeon, and saw 10 of its levels.

You collected 1416 gold pieces.
You spent 1360 gold pieces at shops.


Innate Abilities, Weirdness & Mutations

Your serpentine skin is tough. (AC +3)
You have supernaturally acute eyesight. (SInv)
Armour fits poorly on your strangely shaped body.
Your system is resistant to poisons. (rPois)
You cover ground very slowly.
You can spit poison.
You have a snake-like lower body.
You are partially covered in iridescent scales. (AC +2)
You are robust. (+10% HP)
You expend magic power (3 MP) to strengthen your wands.


   Skills:
 - Level 8.0(13.0) Fighting
 - Level 12.1(17.1) Ranged Weapons
 - Level 1.2(6.2) Armour
 + Level 4.0(9.0) Dodging
 - Level 1.5(6.5) Stealth
 - Level 4.1 Invocations


You had 9 spell levels left.
You didn't know any spells.
Your spell library was empty.

Inventory:

Hand Weapons
 Y - a +0 orcbow (weapon)
Armour
 j - a +0 helmet (worn)
 p - a +0 cloak (worn)
 s - a +2 pair of gloves (worn)
 t - a +2 robe (worn)
Jewellery
 c - an amulet of reflection (around neck)
 g - a ring of protection from fire (right hand)
 l - the ring of Mucorghy {*Slow rPois rF+ rN+ Int+3}
   (You bought it in a shop on level 8 of the Dungeon)

   [ring of positive energy]

   Int:       It affects your intelligence (+3).
   rF:        It protects you from fire.
   rPois:     It protects you from poison.
   rN:        It protects you from negative energy.
   *Slow:     It may slow you when you take damage.
 n - a +4 ring of slaying (left hand) {mikee}
 o - a ring of positive energy
Scrolls
 a - 2 scrolls of identify
Potions
 d - a potion of might
 h - a potion of enlightenment
 i - 3 potions of haste
 k - a potion of cancellation
 m - 3 potions of mutation

Dungeon Overview and Level Annotations

Branches:
Dungeon (9/15)             Temple (1/1) D:6
   Lair: D:8-11         Orc: D:9-12

Altars:
Cheibriados
Dithmenos
Elyvilon
Fedhas
Gozag
Hepliaklqana
Kikubaaqudgha
Makhleb
Nemelex Xobeh
Okawaru
Qazlal
Ru
Sif Muna
Trog
Uskayaw
Vehumet
Wu Jian
Xom
Yredelemnul
Zin
The Shining One

Shops:
D:3 ?   D:4 *   D:7 [:   D:8 ??=!


Message History

You kill the yak!
Okawaru accepts your kill.
An orc comes into view. It is wielding a +0 short sword.
The yak gores you! The yak closely misses you.
Your base Ranged Weapons skill increases to level 12!
You shoot an arrow. The arrow hits the yak.
The yak is lightly wounded.
The yak gores you! The yak completely misses you.
The yak gores you but does no damage.
You shoot an arrow.
The arrow hits the yak but does no damage.
The yak is lightly wounded.
You shoot an arrow. The arrow closely misses the yak.
You block the yak's attack. x3; The yak gores you but does no damage.
You shoot an arrow. The arrow barely misses the yak.
The yak barely misses you. You block the yak's attack.
An orc wizard comes into view. It is wielding a +0 dagger.
The yak misses you. The yak gores you.
7744 ||| Stepping ~*~*~tactically~*~*~ (outnumbered).
You have got your breath back.
7745 ||| INVOKING Spit Poison.
Aiming: Spit Poison (1% risk of failure)
Press: ? - help, Shift-Dir - straight line, f/p - yak The splash of poison hits the yak!
The yak is heavily wounded.
The yak gores you. x2; You block the yak's attack.
You shoot an arrow.
The arrow hits the yak but does no damage.
The yak is heavily wounded.
The yak barely misses you. x3
You shoot an arrow. The arrow hits the yak.
The yak is heavily wounded.
You block the yak's attack.
You shoot an arrow.
The arrow hits the yak but does no damage.
The yak is heavily wounded.
You shoot an arrow. The arrow hits the yak!
The yak is severely wounded.
The yak barely misses you. The yak gores you!
You die...

#### ##### #? #.. #....
)...###.## #....
......YYY############....
....#ooY@Y.........##....
. #..############.......
..... ###..... ...o.
##.... ..... #.... ....
#.... o... #.... #####
#............. ##)


You could see 5 yaks, an orc wizard (invisible) and an orc.

Vanquished Creatures
  15 yaks (D:9)
  3 wyverns
  A water moccasin (D:8)
  2 orc warriors
  3 sky beasts
  2 centaurs
  2 phantoms
  3 kobold brigands
  2 bullfrogs (D:8)
  A scorpion (D:4)
  A gnoll sergeant (D:7)
  8 wights
  11 killer bees
  4 howler monkeys
  A jelly (D:3)
  4 hounds
  5 orc priests
  Jessica (D:2)
  A sleepcap (D:6)
  4 iguanas
  11 orc wizards
  A hound zombie (D:4)
  5 gnolls (D:7)
  10 adders
  2 shadow imps (D:6)
  2 ufetubi
  An adder zombie (D:4)
  A worm (D:3)
  5 dart slugs
  21 orcs
  9 bats
  12 endoplasms
  A giant cockroach (D:2)
  4 goblins
  8 hobgoblins
  8 jackals (D:3)
  19 kobolds
  A quokka (D:4)
  9 ball pythons
  3 frilled lizards
  6 rats
213 creatures vanquished.

Notes
Turn   | Place    | Note
-------+----------+-------------------------------------------
     0 | D:1      | qw the Naga Hunter began the quest for the Orb.
     0 | D:1      | Reached XP level 1. HP: 19/19 MP: 1/1
     0 | D:1      | 0 ||| qw: Version: 0.3-a-7-ge0c9b40
     0 | D:1      | 0 ||| qw: Game counter: 872
     0 | D:1      | 0 ||| qw: Always use a shield: true
     0 | D:1      | 0 ||| qw: God list: Okawaru
     0 | D:1      | 0 ||| qw: Allow faded altars: false
     0 | D:1      | 0 ||| qw: Do Orc after D:15 true
     0 | D:1      | 0 ||| qw: Do second Lair branch before Depths: true
     0 | D:1      | 0 ||| qw: Lair rune preference: random
     0 | D:1      | 0 ||| qw: Plans: Normal
     0 | D:1      | 0 ||| PLANNING D:1-11
    31 | D:1      | 31 ||| INVOKING Spit Poison.
    34 | D:1      | 34 ||| INVOKING Spit Poison.
    43 | D:1      | 43 ||| INVOKING Spit Poison.
    89 | D:1      | 89 ||| INVOKING Spit Poison.
    90 | D:1      | 90 ||| INVOKING Spit Poison.
    96 | D:1      | 96 ||| INVOKING Spit Poison.
   144 | D:1      | 144 ||| INVOKING Spit Poison.
   146 | D:1      | Reached skill level 4 in Ranged Weapons
   146 | D:1      | Reached XP level 2. HP: 26/26 MP: 2/2
   171 | D:1      | 171 ||| INVOKING Spit Poison.
   189 | D:1      | 189 ||| INVOKING Spit Poison.
   263 | D:1      | 263 ||| INVOKING Spit Poison.
   272 | D:1      | 272 ||| INVOKING Spit Poison.
   278 | D:1      | 278 ||| INVOKING Spit Poison.
   298 | D:1      | 298 ||| INVOKING Spit Poison.
   514 | D:1      | 514 ||| INVOKING Spit Poison.
   618 | D:1      | 618 ||| INVOKING Spit Poison.
   700 | D:1      | 700 ||| READING 2 scrolls labelled XINAIPHUUMU.
   701 | D:1      | 701 ||| READING scroll labelled DESUKH DESK.
   702 | D:1      | 702 ||| READING scroll labelled NAIDDU TOAGE.
   803 | D:1      | 803 ||| DROPPING scroll of butterflies.
   863 | D:2      | 863 ||| INVOKING Spit Poison.
   864 | D:2      | Reached XP level 3. HP: 32/32 MP: 3/3
   866 | D:2      | 866 ||| INVOKING Spit Poison.
   897 | D:2      | 897 ||| INVOKING Spit Poison.
   930 | D:2      | 930 ||| INVOKING Spit Poison.
   941 | D:2      | 941 ||| INVOKING Spit Poison.
  1033 | D:2      | 1033 ||| INVOKING Spit Poison.
  1042 | D:2      | 1042 ||| INVOKING Spit Poison.
  1069 | D:2      | 1069 ||| INVOKING Spit Poison.
  1083 | D:2      | Noticed Jessica
  1085 | D:2      | 1085 ||| INVOKING Spit Poison.
  1091 | D:2      | 1091 ||| INVOKING Spit Poison.
  1091 | D:2      | Killed Jessica
  1092 | D:2      | Reached skill level 5 in Ranged Weapons
  1092 | D:2      | Reached XP level 4. HP: 39/39 MP: 4/4
  1161 | D:2      | 1161 ||| INVOKING Spit Poison.
  1302 | D:2      | 1302 ||| INVOKING Spit Poison.
  1362 | D:2      | 1362 ||| UPGRADING to amulet of the acrobat.
  1367 | D:2      | 1367 ||| UPGRADING to ring of protection from fire.
  1368 | D:2      | 1368 ||| READING scroll labelled WEXIH MAZOHEMI.
  1377 | D:3      | 1377 ||| INVOKING Spit Poison.
  1380 | D:3      | 1380 ||| STAIRDANCE
  1382 | D:2      | 1382 ||| INVOKING Spit Poison.
  1403 | D:3      | 1403 ||| INVOKING Spit Poison.
  1406 | D:3      | 1406 ||| STAIRDANCE
  1408 | D:2      | 1408 ||| INVOKING Spit Poison.
  1412 | D:2      | 1412 ||| INVOKING Spit Poison.
  1480 | D:3      | 1480 ||| INVOKING Spit Poison.
  1563 | D:3      | 1563 ||| INVOKING Spit Poison.
  1635 | D:3      | 1635 ||| INVOKING Spit Poison.
  1636 | D:3      | 1636 ||| INVOKING Spit Poison.
  1640 | D:3      | Reached skill level 3 in Fighting
  1640 | D:3      | Reached XP level 5. HP: 48/49 MP: 5/5
  1643 | D:3      | 1643 ||| INVOKING Spit Poison.
  1700 | D:3      | 1700 ||| INVOKING Spit Poison.
  1703 | D:3      | 1703 ||| INVOKING Spit Poison.
  1744 | D:3      | 1744 ||| INVOKING Spit Poison.
  1756 | D:3      | 1756 ||| INVOKING Spit Poison.
  1769 | D:3      | 1769 ||| INVOKING Spit Poison.
  1804 | D:3      | 1804 ||| INVOKING Spit Poison.
  1810 | D:3      | 1810 ||| INVOKING Spit Poison.
  1813 | D:3      | 1813 ||| INVOKING Spit Poison.
  1851 | D:3      | 1851 ||| INVOKING Spit Poison.
  1856 | D:3      | 1856 ||| INVOKING Spit Poison.
  1931 | D:3      | 1931 ||| INVOKING Spit Poison.
  1936 | D:3      | 1936 ||| INVOKING Spit Poison.
  1946 | D:3      | 1946 ||| INVOKING Spit Poison.
  2008 | D:3      | 2008 ||| INVOKING Spit Poison.
  2078 | D:3      | 2078 ||| INVOKING Spit Poison.
  2208 | D:3      | Found The Oracle's Delphic Readings.
  2212 | D:3      | 2212 ||| BUYING scroll of enchant weapon (75 gold).
  2212 | D:3      | Bought a scroll of enchant weapon for 75 gold pieces
  2212 | D:3      | 2212 ||| BUYING scroll of identify (20 gold).
  2212 | D:3      | Bought a scroll of identify for 20 gold pieces
  2212 | D:3      | 2212 ||| BUYING scroll of identify (20 gold).
  2212 | D:3      | Bought a scroll of identify for 20 gold pieces
  2212 | D:3      | 2212 ||| SHOPLISTING scroll of teleportation (30 gold, have
                  | 16).
  2212 | D:3      | 2212 ||| READING scroll of enchant weapon.
  2212 | D:3      | 2212 ||| ENCHANTING +0 shortbow.
  2271 | D:3      | Found a shimmering blue altar of Sif Muna.
  2289 | D:3      | 2289 ||| DROPPING ring of flight.
  2290 | D:3      | 2290 ||| READING scroll labelled KUDAXK GULUAWU.
  2291 | D:3      | 2291 ||| READING scroll labelled RUBISEVV VIOCA.
  2373 | D:3      | 2373 ||| READING scroll labelled POQEGAF SOYNUNT.
  2378 | D:3      | 2378 ||| READING 3 scrolls labelled ZUN HUN DUIFAR.
  2379 | D:3      | 2379 ||| READING 4 scrolls of identify.
  2379 | D:3      | 2379 ||| IDENTIFYING fizzy yellow potion
  2380 | D:3      | 2380 ||| READING 3 scrolls of identify.
  2380 | D:3      | 2380 ||| IDENTIFYING clear potion
  2381 | D:3      | 2381 ||| READING 2 scrolls of identify.
  2381 | D:3      | 2381 ||| IDENTIFYING fuming golden potion
  2382 | D:3      | 2382 ||| DROPPING 2 scrolls of amnesia.
  2403 | D:4      | 2403 ||| INVOKING Spit Poison.
  2406 | D:4      | 2406 ||| INVOKING Spit Poison.
  2410 | D:4      | 2410 ||| INVOKING Spit Poison.
  2412 | D:4      | 2412 ||| STAIRDANCE
  2415 | D:3      | 2415 ||| INVOKING Spit Poison.
  2418 | D:3      | 2418 ||| INVOKING Spit Poison.
  2512 | D:4      | 2512 ||| STAIRDANCE
  2589 | D:4      | 2589 ||| INVOKING Spit Poison.
  2784 | D:4      | 2784 ||| INVOKING Spit Poison.
  2789 | D:4      | 2789 ||| INVOKING Spit Poison.
  2792 | D:4      | 2792 ||| INVOKING Spit Poison.
  2856 | D:4      | 2856 ||| INVOKING Spit Poison.
  2860 | D:4      | Reached skill level 6 in Ranged Weapons
  2860 | D:4      | Reached XP level 6. HP: 53/56 MP: 6/6
  2985 | D:4      | 2985 ||| INVOKING Spit Poison.
  3055 | D:4      | Noticed a +0 short sword
  3055 | D:4      | Noticed a +0 spear
  3055 | D:4      | Noticed a +0 dagger
  3055 | D:4      | Noticed a +0 dagger
  3055 | D:4      | Noticed a +0 short sword
  3055 | D:4      | Noticed a +0 falchion
  3055 | D:4      | Noticed a +0 spear
  3055 | D:4      | Noticed a +0 falchion
  3061 | D:4      | Found a hide-covered altar of Uskayaw.
  3080 | D:4      | 3080 ||| INVOKING Spit Poison.
  3131 | D:4      | 3131 ||| INVOKING Spit Poison.
  3140 | D:4      | Found a glowing golden altar of the Shining One.
  3198 | D:4      | Found a basalt altar of Yredelemnul.
  3272 | D:4      | Found Anyniulu's CLEARANCE SALE!.
  3392 | D:4      | 3392 ||| INVOKING Spit Poison.
  3539 | D:4      | 3539 ||| UPGRADING to +0 helmet.
  3544 | D:4      | 3544 ||| READING 4 scrolls of identify.
  3544 | D:4      | 3544 ||| IDENTIFYING fuming cyan potion
  3545 | D:4      | 3545 ||| READING 3 scrolls of identify.
  3545 | D:4      | 3545 ||| IDENTIFYING purple potion
  3546 | D:4      | 3546 ||| READING 2 scrolls of identify.
  3546 | D:4      | 3546 ||| IDENTIFYING orange potion
  3547 | D:4      | 3547 ||| DROPPING potion of lignification.
  3570 | D:5      | Entered Level 5 of the Dungeon
  3602 | D:5      | Reached XP level 7. HP: 56/64 MP: 7/7
  3667 | D:5      | 3667 ||| INVOKING Spit Poison.
  3767 | D:5      | 3767 ||| Stepping ~*~*~tactically~*~*~ (outnumbered).
  3769 | D:5      | 3769 ||| Stepping ~*~*~tactically~*~*~ (outnumbered).
  3770 | D:5      | 3770 ||| INVOKING Spit Poison.
  3773 | D:5      | 3773 ||| INVOKING Spit Poison.
  3778 | D:5      | 3778 ||| INVOKING Spit Poison.
  3856 | D:5      | 3856 ||| INVOKING Spit Poison.
  3861 | D:5      | Reached skill level 7 in Ranged Weapons
  3861 | D:5      | 3861 ||| INVOKING Spit Poison.
  3866 | D:5      | 3866 ||| INVOKING Spit Poison.
  3982 | D:5      | 3982 ||| INVOKING Spit Poison.
  3985 | D:5      | 3985 ||| INVOKING Spit Poison.
  4267 | D:5      | Identified the +1 short sword of Courage {freeze, rCorr}
  4310 | D:5      | 4310 ||| INVOKING Spit Poison.
  4353 | D:5      | 4353 ||| UPGRADING to +0 cloak.
  4358 | D:5      | 4358 ||| READING scroll labelled JANEOCHAGGU.
  4358 | D:5      | Identified a scroll of acquirement
  4358 | D:5      | 4358 ||| ACQUIRING 930 gold pieces
  4358 | D:5      | Acquired 930 gold pieces
  4360 | D:5      | 4360 ||| READING scroll labelled XIZAET COIMUP.
  4361 | D:5      | 4361 ||| READING scroll labelled HUVAIBBUWEP.
  4362 | D:5      | 4362 ||| DRINKING 2 lumpy purple potions.
  4362 | D:5      | Gained mutation: You have hidden genetic potential. [potion
                  | of mutation]
  4362 | D:5      | Gained mutation: You are partially covered in iridescent
                  | scales. (AC +2) [potion of mutation]
  4419 | D:6      | Found a staircase to the Ecumenical Temple.
  4420 | D:6      | 4420 ||| PLANNING TEMPLE
  4431 | Temple   | Entered the Ecumenical Temple
  4443 | Temple   | 4443 ||| PLANNING OKAWARU WORSHIP
  4619 | Temple   | Became a worshipper of Warmaster Okawaru
  4620 | Temple   | 4620 ||| PLANNING D:1-11
  4674 | D:6      | Found an ancient bone altar of Kikubaaqudgha.
  4684 | D:6      | 4684 ||| INVOKING Spit Poison.
  4688 | D:6      | 4688 ||| INVOKING Spit Poison.
  4691 | D:6      | 4691 ||| INVOKING Spit Poison.
  4693 | D:6      | 4693 ||| Stepping ~*~*~tactically~*~*~ (outnumbered).
  4695 | D:6      | 4695 ||| Stepping ~*~*~tactically~*~*~ (outnumbered).
  4697 | D:6      | 4697 ||| INVOKING Spit Poison.
  4700 | D:6      | Reached skill level 1 in Armour
  4700 | D:6      | 4700 ||| INVOKING Spit Poison.
  4704 | D:6      | 4704 ||| INVOKING Spit Poison.
  4708 | D:6      | 4708 ||| INVOKING Spit Poison.
  4710 | D:6      | Reached XP level 8. HP: 19/72 MP: 8/8
  4710 | D:6      | HP: 13/72 [orc/+0 short sword (7)]
  4711 | D:6      | 4711 ||| READING 2 scrolls of teleportation.
  4711 | D:6      | HP: 4/72 [orc/+0 short sword (4)]
  4713 | D:6      | 4713 ||| INVOKING Spit Poison.
  4713 | D:6      | HP: 1/72 [orc/+0 short sword (3)]
  4740 | D:6      | 4740 ||| INVOKING Spit Poison.
  4742 | D:6      | 4742 ||| READING scroll of teleportation.
  4744 | D:6      | 4744 ||| INVOKING Spit Poison.
  4946 | D:6      | 4946 ||| INVOKING Spit Poison.
  4963 | D:6      | 4963 ||| INVOKING Spit Poison.
  4994 | D:6      | 4994 ||| INVOKING Spit Poison.
  4998 | D:6      | 4998 ||| INVOKING Spit Poison.
  5039 | D:6      | 5039 ||| INVOKING Spit Poison.
  5042 | D:6      | Reached skill level 8 in Ranged Weapons
  5092 | D:6      | 5092 ||| INVOKING Spit Poison.
  5097 | D:6      | 5097 ||| INVOKING Spit Poison.
  5275 | D:6      | 5275 ||| UPGRADING to ring of positive energy.
  5276 | D:6      | 5276 ||| UPGRADING to +4 ring of slaying {mikee}.
  5278 | D:6      | 5278 ||| UPGRADING to ring of protection from fire.
  5280 | D:6      | 5280 ||| READING scroll labelled HATEILU HEOGAE.
  5281 | D:6      | 5281 ||| READING 2 scrolls of identify.
  5281 | D:6      | 5281 ||| IDENTIFYING sedimented inky potion
  5315 | D:7      | Found a blossoming altar of Fedhas.
  5317 | D:7      | Found an ornate altar of the Wu Jian Council.
  5321 | D:7      | 5321 ||| INVOKING Spit Poison.
  5324 | D:7      | 5324 ||| INVOKING Spit Poison.
  5327 | D:7      | 5327 ||| INVOKING Spit Poison.
  5329 | D:7      | Reached * piety under Okawaru
  5331 | D:7      | 5331 ||| INVOKING Heroism.
  5332 | D:7      | 5332 ||| INVOKING Spit Poison.
  5442 | D:7      | 5442 ||| INVOKING Spit Poison.
  5451 | D:7      | Gained mutation: You expend magic power (3 MP) to
                  | strengthen your wands. [hidden potential]
  5456 | D:7      | 5456 ||| INVOKING Spit Poison.
  5500 | D:7      | 5500 ||| INVOKING Spit Poison.
  5503 | D:7      | 5503 ||| INVOKING Spit Poison.
  5544 | D:7      | 5544 ||| INVOKING Spit Poison.
  5546 | D:7      | 5546 ||| Stepping ~*~*~tactically~*~*~ (outnumbered).
  5547 | D:7      | 5547 ||| INVOKING Spit Poison.
  5551 | D:7      | 5551 ||| INVOKING Spit Poison.
  5556 | D:7      | 5556 ||| INVOKING Spit Poison.
  5572 | D:7      | 5572 ||| INVOKING Heroism.
  5573 | D:7      | 5573 ||| INVOKING Spit Poison.
  5645 | D:7      | Found Iddoraceem's Book Shop.
  5674 | D:7      | 5674 ||| INVOKING Spit Poison.
  5679 | D:7      | 5679 ||| INVOKING Spit Poison.
  5681 | D:7      | Reached skill level 9 in Ranged Weapons
  5689 | D:7      | 5689 ||| INVOKING Spit Poison.
  5691 | D:7      | Reached skill level 1 in Invocations
  5776 | D:7      | Found Nufayny's Armour Shoppe.
  5781 | D:7      | 5781 ||| BUYING +0 pair of gloves (45 gold).
  5781 | D:7      | Bought a +0 pair of gloves for 45 gold pieces
  5781 | D:7      | 5781 ||| BUYING +2 robe (127 gold).
  5781 | D:7      | Bought a +2 robe for 127 gold pieces
  5781 | D:7      | 5781 ||| SWAPPING to +0 orcbow.
  5782 | D:7      | 5782 ||| DROPPING +1 heavy shortbow.
  5812 | D:7      | 5812 ||| INVOKING Heroism.
  5816 | D:7      | 5816 ||| INVOKING Spit Poison.
  5821 | D:7      | 5821 ||| INVOKING Spit Poison.
  5822 | D:7      | Reached skill level 3 in Dodging
  5822 | D:7      | 5822 ||| DRINKING potion of curing.
  5822 | D:7      | 5822 ||| (to cure confusion)
  5825 | D:7      | Reached XP level 9. HP: 81/81 MP: 8/10
  5826 | D:7      | 5826 ||| INVOKING Spit Poison.
  5913 | D:7      | 5913 ||| INVOKING Spit Poison.
  5916 | D:7      | 5916 ||| INVOKING Spit Poison.
  5920 | D:7      | Reached skill level 3 in Invocations
  5989 | D:7      | 5989 ||| UPGRADING to +0 pair of gloves.
  5994 | D:7      | 5994 ||| UPGRADING to +2 robe.
  6004 | D:7      | 6004 ||| DROPPING +0 leather armour.
  6020 | D:8      | Found an opulent altar of Gozag.
  6034 | D:8      | 6034 ||| INVOKING Spit Poison.
  6037 | D:8      | 6037 ||| INVOKING Spit Poison.
  6044 | D:8      | 6044 ||| INVOKING Spit Poison.
  6052 | D:8      | 6052 ||| INVOKING Spit Poison.
  6062 | D:8      | Gained mutation: You are robust. (+10% HP) [hidden
                  | potential]
  6062 | D:8      | Lost mutation: You have hidden genetic potential. [hidden
                  | potential expressed]
  6162 | D:8      | 6162 ||| INVOKING Spit Poison.
  6240 | D:8      | 6240 ||| INVOKING Spit Poison.
  6244 | D:8      | 6244 ||| INVOKING Spit Poison.
  6247 | D:8      | 6247 ||| INVOKING Spit Poison.
  6250 | D:8      | 6250 ||| INVOKING Heroism.
  6252 | D:8      | Reached skill level 6 in Fighting
  6255 | D:8      | 6255 ||| INVOKING Spit Poison.
  6259 | D:8      | 6259 ||| INVOKING Spit Poison.
  6460 | D:8      | 6460 ||| INVOKING Spit Poison.
  6463 | D:8      | 6463 ||| INVOKING Spit Poison.
  6467 | D:8      | 6467 ||| INVOKING Spit Poison.
  6470 | D:8      | Found a shimmering altar of Xom.
  6526 | D:8      | Reached ** piety under Okawaru
  6533 | D:8      | 6533 ||| INVOKING Spit Poison.
  6540 | D:8      | Reached skill level 10 in Ranged Weapons
  6553 | D:8      | 6553 ||| FLEEEEING.
  6554 | D:8      | 6554 ||| FLEEEEING.
  6555 | D:8      | 6555 ||| FLEEEEING.
  6556 | D:8      | 6556 ||| FLEEEEING.
  6557 | D:8      | 6557 ||| FLEEEEING.
  6558 | D:8      | 6558 ||| FLEEEEING.
  6559 | D:8      | 6559 ||| STAIRDANCE
  6609 | D:7      | 6609 ||| READING scroll labelled GIXEUK YWKO.
  6617 | D:8      | 6617 ||| STAIRDANCE
  6620 | D:7      | 6620 ||| INVOKING Heroism.
  6796 | D:8      | 6796 ||| INVOKING Spit Poison.
  6802 | D:8      | 6802 ||| INVOKING Spit Poison.
  6831 | D:8      | Found Epeduuh's Magic Scroll Shop.
  6837 | D:8      | 6837 ||| BUYING scroll of enchant armour (82 gold).
  6837 | D:8      | Bought a scroll of enchant armour for 82 gold pieces
  6837 | D:8      | 6837 ||| BUYING scroll of enchant armour (82 gold).
  6837 | D:8      | Bought a scroll of enchant armour for 82 gold pieces
  6837 | D:8      | 6837 ||| BUYING scroll of identify (22 gold).
  6837 | D:8      | Bought a scroll of identify for 22 gold pieces
  6837 | D:8      | 6837 ||| BUYING scroll of teleportation (33 gold).
  6837 | D:8      | Bought a scroll of teleportation for 33 gold pieces
  6837 | D:8      | 6837 ||| READING 2 scrolls of enchant armour.
  6837 | D:8      | 6837 ||| ENCHANTING +0 pair of gloves.
  6838 | D:8      | 6838 ||| READING scroll of enchant armour.
  6838 | D:8      | 6838 ||| ENCHANTING +1 pair of gloves.
  6839 | D:8      | Found Caduinav's Jewellery Shop.
  6852 | D:8      | 6852 ||| BUYING amulet of reflection (360 gold).
  6852 | D:8      | Bought an amulet of reflection for 360 gold pieces
  6852 | D:8      | 6852 ||| BUYING ring of Mucorghy {*Slow rPois rF+ rN+
                  | Int+3} (466 gold).
  6852 | D:8      | Bought the ring of Mucorghy {*Slow rPois rF+ rN+ Int+3} for
                  | 466 gold pieces
  6852 | D:8      | 6852 ||| SHOPLISTING ring of fire (300 gold, have 48).
  6852 | D:8      | 6852 ||| SHOPLISTING ring of ice (300 gold, have 48).
  6852 | D:8      | 6852 ||| SHOPLISTING ring of protection from fire (300
                  | gold, have 48).
  6889 | D:8      | Found Vyixisk's Distillery.
  6893 | D:8      | 6893 ||| Stepping ~*~*~tactically~*~*~ (outnumbered).
  6909 | D:8      | 6909 ||| SHOPLISTING potion of enlightenment (65 gold, have
                  | 48).
  6909 | D:8      | 6909 ||| SHOPLISTING potion of haste (130 gold, have 48).
  6960 | D:8      | Found Hoebuv's Magic Scroll Emporium.
  6969 | D:8      | 6969 ||| SHOPLISTING scroll of enchant armour (105 gold,
                  | have 48).
  6969 | D:8      | 6969 ||| BUYING scroll of identify (28 gold).
  6969 | D:8      | Bought a scroll of identify for 28 gold pieces
  6969 | D:8      | 6969 ||| SHOPLISTING scroll of identify (28 gold, have 20).
  6969 | D:8      | 6969 ||| SHOPLISTING scroll of teleportation (42 gold, have
                  | 20).
  6969 | D:8      | 6969 ||| UPGRADING to amulet of reflection.
  6979 | D:8      | 6979 ||| DROPPING amulet of the acrobat.
  6980 | D:8      | 6980 ||| READING 3 scrolls of identify.
  6980 | D:8      | 6980 ||| IDENTIFYING fizzy brown potion
  6981 | D:8      | 6981 ||| DROPPING potion of berserk rage.
  7030 | D:9      | 7030 ||| INVOKING Spit Poison.
  7035 | D:9      | 7035 ||| INVOKING Spit Poison.
  7061 | D:9      | 7061 ||| INVOKING Spit Poison.
  7067 | D:9      | 7067 ||| INVOKING Spit Poison.
  7074 | D:9      | 7074 ||| INVOKING Spit Poison.
  7079 | D:9      | 7079 ||| INVOKING Spit Poison.
  7080 | D:9      | Reached XP level 10. HP: 72/103 MP: 13/13
  7080 | D:9      | 7080 ||| INVOKING Heroism.
  7187 | D:9      | 7187 ||| INVOKING Spit Poison.
  7191 | D:9      | 7191 ||| INVOKING Spit Poison.
  7203 | D:9      | 7203 ||| INVOKING Spit Poison.
  7209 | D:9      | 7209 ||| INVOKING Spit Poison.
  7211 | D:9      | 7211 ||| Stepping ~*~*~tactically~*~*~ (outnumbered).
  7213 | D:9      | 7213 ||| INVOKING Spit Poison.
  7214 | D:9      | 7214 ||| Stepping ~*~*~tactically~*~*~ (outnumbered).
  7217 | D:9      | 7217 ||| INVOKING Spit Poison.
  7220 | D:9      | 7220 ||| Stepping ~*~*~tactically~*~*~ (outnumbered).
  7221 | D:9      | 7221 ||| Stepping ~*~*~tactically~*~*~ (outnumbered).
  7222 | D:9      | 7222 ||| INVOKING Spit Poison.
  7225 | D:9      | 7225 ||| INVOKING Spit Poison.
  7226 | D:9      | Reached *** piety under Okawaru
  7232 | D:9      | 7232 ||| INVOKING Spit Poison.
  7233 | D:9      | Reached skill level 11 in Ranged Weapons
  7233 | D:9      | 7233 ||| INVOKING Heroism.
  7236 | D:9      | 7236 ||| INVOKING Spit Poison.
  7243 | D:9      | 7243 ||| INVOKING Spit Poison.
  7253 | D:9      | 7253 ||| INVOKING Spit Poison.
  7255 | D:9      | 7255 ||| INVOKING Heroism.
  7261 | D:9      | 7261 ||| INVOKING Spit Poison.
  7265 | D:9      | 7265 ||| INVOKING Spit Poison.
  7272 | D:9      | HP: 20/105 [yak (8)]
  7273 | D:9      | 7273 ||| READING scroll of teleportation.
  7274 | D:9      | 7274 ||| DRINKING potion of heal wounds.
  7275 | D:9      | 7275 ||| INVOKING Spit Poison.
  7496 | D:9      | 7496 ||| INVOKING Heroism.
  7497 | D:9      | 7497 ||| Stepping ~*~*~tactically~*~*~ (outnumbered).
  7498 | D:9      | 7498 ||| INVOKING Spit Poison.
  7502 | D:9      | 7502 ||| Stepping ~*~*~tactically~*~*~ (outnumbered).
  7506 | D:9      | 7506 ||| INVOKING Spit Poison.
  7513 | D:9      | 7513 ||| INVOKING Spit Poison.
  7520 | D:9      | 7520 ||| INVOKING Spit Poison.
  7714 | D:9      | 7714 ||| INVOKING Spit Poison.
  7718 | D:9      | 7718 ||| INVOKING Spit Poison.
  7725 | D:9      | 7725 ||| INVOKING Spit Poison.
  7730 | D:9      | 7730 ||| INVOKING Spit Poison.
  7732 | D:9      | 7732 ||| INVOKING Heroism.
  7735 | D:9      | 7735 ||| INVOKING Spit Poison.
  7739 | D:9      | HP: 24/105 [yak (8)]
  7740 | D:9      | Reached skill level 12 in Ranged Weapons
  7743 | D:9      | HP: 10/105 [yak (4)]
  7744 | D:9      | 7744 ||| Stepping ~*~*~tactically~*~*~ (outnumbered).
  7745 | D:9      | 7745 ||| INVOKING Spit Poison.
  7749 | D:9      | Slain by a yak

Levels and vault maps discovered:
D:1:      minmay_arrival_split_and_join, layout_loops_cross,
          minmay_fountain_box, st_stairs_8
D:2:      layout_basic, serial_park_tiny_pond, minmay_pentomino_p2, uniq_jessica
D:3:      layout_loops_ring, lemuel_tele_altar, nicolae_nh_oracle_at_delphi
D:4:      layout_basic, overflow_temple_1_default,
          lemuel_zombie_altar_yredelemnul, nicolae_uskayaw_en_pointe,
          minivault_19, nicolae_shop_clearance
D:5:      layout_loops_ring, corexii_mini_fake_secret_closet, st_stairs_9,
          bh_walls_and_bars
D:6:      layout_cave_pools, nicolae_kikubaaqudgha_miasma_corner, temple_pool_b
D:7:      layout_rooms, chequers_temple_overflow_statue_of_worship,
          serial_shops, shop, kennysheep_mini_moat
D:8:      layout_basic, marbit_many_paths, mainiacjoe_overflow_brackets,
          serial_shops, nicolae_shop_hallway_plus, shop,
          nicolae_shop_industrial_runoff, shop
D:9:      layout_rooms, chequers_serial_rivers_micro_a,
          nicolae_nh_ransacked_shop
Temple:   minmay_temple_bridge_abc

Skill      XL: |  1  2  3  4  5  6  7  8  9 10 |
---------------+-------------------------------+-----
Ranged Weapons | 4 5 6 7 9 10 12 | 12.1
Fighting       | 3 4 5 7 8 |  8.0
Dodging        | 2 3 4 |  4.0
Armour         | 1 |  1.2
Invocations    | 2 4 |  4.1
Stealth        | |  1.5

Action                     |  1- 3 |  4- 6 |  7- 9 | 10-12 || total
---------------------------+-------+-------+-------+-------++-------
   Fire: Shortbow          |    47 |   121 |   115 |       ||   283
         Orcbow            |       |       |   131 |   116 ||   247
 Invoke: Heroism           |       |       |     5 |     5 ||    10
Ability: Spit Poison       |    24 |    40 |    70 |    25 ||   159
    Use: Scroll            |     3 |    12 |    11 |     1 ||    27
         Potion            |       |       |     2 |     1 ||     3
 Armour: Leather armour    |     1 |    21 |    49 |       ||    71
         Robe              |       |       |    74 |    50 ||   124
  Dodge: Dodged            |     7 |    42 |   187 |    79 ||   315
  Block: Other             |       |       |    17 |    40 ||    57
         Reflection        |       |       |       |     1 ||     1

Table legend:
 A = Non-vault XP
 B = Vault XP
 C = Vault XP percentage of total XP
 D = Non-vault monster count
 E = Vault monster count
 F = Vault count percentage of total count
                 A         B        C        D         E       F
            +---------+---------+-------+---------+---------+-------
      Total |    8269 |     314 |   3.7 |     197 |      16 |   7.5
            +---------+---------+-------+---------+---------+-------
        D:1 |      29 |       3 |   9.4 |      19 |       2 |   9.5
        D:2 |      72 |      39 |  35.1 |      19 |       2 |   9.5
        D:3 |     115 |       5 |   4.2 |      28 |       2 |   6.7
        D:4 |     250 |      27 |   9.7 |      17 |       2 |  10.5
        D:5 |     327 |     160 |  32.9 |      12 |       3 |  20.0
        D:6 |     403 |       0 |   0.0 |      19 |       0 |   0.0
        D:7 |    1264 |       0 |   0.0 |      26 |       0 |   0.0
        D:8 |    1735 |      36 |   2.0 |      28 |       1 |   3.4
        D:9 |    4074 |      44 |   1.1 |      29 |       4 |  12.1
            +---------+---------+-------+---------+---------+-------
